 Dungeon Crawl Stone Soup version 0.32-a0-360-gcd93b57 (webtiles) character file.

Game seed: 17313252766670021862

1461 staltz the Martial Artist (level 9, -7/59 HPs)
             Began as a Djinni Shapeshifter on Feb 18, 2024.
             Was an Initiate of Ashenzari.
             Mangled by an ice beast (21 damage)
             ... on level 6 of the Dungeon.
             The game lasted 00:20:58 (5717 turns).

staltz the Martial Artist (Djinni Shapeshifter)     Turns: 5717, Time: 00:20:58

Health: -7/59      AC:  6    Str: 15    XL:     9   Next: 5%
Gold:   146        EV: 12    Int: 12    God:    Ashenzari [......] SH:  0 Dex: 15

rFire   + +          .
                       - Unarmed
rCold   x . .        (no shield)
rNeg    + . .        m - +1 ring mail {rN+}
rPois   ∞            (helmet currently unavailable)
rElec   .            (cloak currently unavailable)
rCorr   .            (gloves currently unavailable)
SInv    .            (boots unavailable)
Will    +....        (no amulet)
Stlth   +            e - ring of willpower
HPRegen 0.29/turn    (no ring)
MPRegen 0.00/turn

%: infuse magic (-8 HP)
@: beast-form, flying
A: beast (slay +2), flying, sickness immunity, fire resistance 2, cold
vulnerability 1, float, innate caster, HP casting, extra vitality 1
a: Begin Untransformation, Renounce Religion, Curse Item


You were on level 6 of the Dungeon.
You worshipped Ashenzari.
Ashenzari was noncommittal.
You were a hulking beast.
You visited 2 branches of the dungeon, and saw 7 of its levels.
You also visited: Sewer.

You collected 384 gold pieces.
You spent 238 gold pieces at shops.

Inventory:

Missiles
 f - 4 poisoned darts
 j - a throwing net
 y - 6 boomerangs (quivered)
Armour
 a - a +0 animal skin
 h - a +0 ring mail
 m - a +1 ring mail of positive energy (worn)
 u - a +0 pair of gloves of strength
 x - a +2 robe of cold resistance
Jewellery
 e - a ring of willpower (left hand)
Talismans
 c - a beast talisman (active)
 d - a flux talisman
 A - a serpent talisman
Scrolls
 g - 5 scrolls of teleportation
 i - 2 scrolls of fear {unknown}
 k - 2 scrolls of immolation
 n - a scroll of noise {unknown}
 p - a scroll of poison {unknown}
 r - a scroll of acquirement {unknown}
 t - 3 scrolls of enchant armour {unknown}
 w - a scroll of brand weapon {unknown}
 B - a scroll of vulnerability {unknown}
 C - a scroll of amnesia {unknown}
 D - a scroll of fog {unknown}
 G - a scroll of revelation {unknown}
 H - 2 scrolls of butterflies {unknown}
Potions
 b - 4 potions of curing {unknown}
 l - 6 potions of haste
 o - a potion of might {unknown}
 q - a potion of enlightenment {unknown}
 s - a potion of magic {unknown}
 v - 2 potions of lignification
 z - 3 potions of degeneration {unknown}
 E - 2 potions of mutation {unknown}
 F - 2 potions of attraction {unknown}


   Skills:
 + Level 2.3 Fighting
 - Level 3.0 Armour
 + Level 4.6 Dodging
 + Level 1.0 Stealth
 + Level 8.3 Unarmed Combat
 + Level 4.5 Shapeshifting


You knew the following spells:

 Your Spells              Type           Power      Damage    Failure   Level
a - Apportation           Tloc           0%         N/A       54%         1
b - Momentum Strike       Conj/Tloc      0%         3d8       67%         2
c - Frozen Ramparts       Ice            0%         1d1       88%         3
d - Brom's Barrelling Bo  Conj/Erth      0%         2d3       99%         4
Your spell library was empty.

Dungeon Overview and Level Annotations

Branches:
Dungeon (6/15)             Temple (1/1) D:4           Sewer (visited)

Altars:
Ashenzari
Cheibriados
Elyvilon
Gozag
Makhleb
Okawaru
Qazlal
Trog
Uskayaw
Wu Jian
Xom
Zin
The Shining One

Shops:
D:1 *   D:2 (   D:3 [   D:5 *

Annotations:
D:3 exclusion: downstairs
D:6 2 transporters


Innate Abilities, Weirdness & Mutations

You are a hulking beast.
Your limbs bulge with bestial killing power. (Slay +2)
You are flying.
You are immune to sickness and miasma.
You are immune to poison.
Your flesh is very heat resistant. (rF++)
You are vulnerable to cold. (rC-)
You float through the air rather than walking.
You learn spells naturally, not from books.
Your magical power is your life essence.
You have superior vitality. (+4 MHP)


Message History

Found a transporter.
There is a transporter here.
There is a transporter here.
There is a transporter here.
There is a transporter here.
An iguana and an ice beast come into view.
The iguana hisses angrily.
You hit the iguana.
The iguana is moderately wounded.
The iguana closely misses you.
You punch the iguana!
The iguana is almost dead.
The iguana bites you but does no damage.
You hit the iguana.
You kill the iguana!
You closely miss the ice beast. Your punch misses the ice beast.
The ice beast misses you.
You completely miss the ice beast.
You punch the ice beast, but do no damage.
The ice beast hits you. The ice beast freezes you!!
You feel a terrible chill!
You hit the ice beast.
The ice beast is lightly wounded.
You punch the ice beast!
The ice beast is heavily wounded.
The ice beast hits you but does no damage.
You hit the ice beast.
The ice beast is severely wounded.
The ice beast barely misses you.
You hit the ice beast but do no damage.
The ice beast is severely wounded.
The ice beast hits you. The ice beast freezes you!
You feel a terrible chill!
You hit the ice beast but do no damage.
The ice beast is severely wounded.
The ice beast closely misses you.
You hit the ice beast.
The ice beast is almost dead.
The ice beast hits you.
* * * LOW HITPOINT WARNING * * *
The ice beast freezes you!!
You feel a terrible chill!
You die...

.....### #.# ###
#.#...##.# ##...#.# #.#.
#.. #.#.#.##.# ##...#.#
#.#. #.# ##.#.#.##.#
~~...#.#
#.#..#.#.##.#.#.##.#
~~...#.####.# .#.#.
#.#.#.##.# ≈~~..#.#....#
... #.#.#.##.###
~~...#.#.#### #.#
#.#.#......# ~~.###.#'##
#Y# #.#<#..#..## ##.#
#....# #h# #.#.#..#..# #
.# #....# #.####.#.#..#..#
...# #....#
#...........#..# ..#
#.#'#####.######.#....#..#
###
#.#....#.........######..#
#.####.##########........#
#.......>.......#.######.#
######.########.#..#.###.#
#.# ###.....###....#


You could see an ice beast.

Vanquished Creatures
  Sigmund (D:4)
  A sky beast (D:6)
  2 black bears
  Blork the orc (D:6)
  2 bullfrogs (Sewer)
  3 scorpions
  2 howler monkeys (D:5)
  A hound (D:6)
  An orc priest (D:3)
  4 iguanas
  2 orc wizards (D:3)
  3 gnolls (D:5)
  12 adders
  4 river rats (Sewer)
  A dart slug (D:2)
  4 ribbon worms
  5 orcs
  17 ball pythons
  3 endoplasms
  6 giant cockroaches
  4 goblins
  4 hobgoblins
  4 jackals
  A quokka (D:5)
  9 bats
  6 frilled lizards
  14 kobolds
  27 rats
144 creatures vanquished.

Notes
Turn   | Place    | Note
-------+----------+-------------------------------------------
     0 | D:1      | staltz the Djinni Shapeshifter began the quest for the Orb.
     0 | D:1      | Reached XP level 1. HP: 17/17 MP: 0/0
     0 | D:1      | Noticed a djinni
     1 | D:1      | Noticed a demigod
     1 | D:1      | Noticed an octopode
     5 | D:1      | Noticed a troll
     7 | D:1      | Noticed a formicid
     8 | D:1      | Noticed a felid
    12 | D:1      | Noticed an armataur
    14 | D:1      | Noticed a gargoyle
    14 | D:1      | Noticed an oni
    16 | D:1      | Noticed a ghoul
    16 | D:1      | Noticed a merfolk
    16 | D:1      | Noticed a barachi
    18 | D:1      | Noticed a draconian
    18 | D:1      | Noticed an elf
    20 | D:1      | Noticed a human
    51 | D:1      | Noticed a djinni
   140 | D:1      | Reached XP level 2. HP: 22/22 MP: 0/0
   392 | D:1      | Reached XP level 3. HP: 27/27 MP: 0/0
   392 | D:1      | Learned a level 1 spell: Apportation
   655 | D:1      | Found Mutun's Assorted Antiques.
   658 | D:1      | Bought a scroll labelled DOXYOT UJILE for 17 gold pieces
   658 | D:1      | Bought a scroll labelled WOOLAF PAM JAPS for 17 gold pieces
   658 | D:1      | Bought a scroll labelled ZEEMIQ AHODGHEI for 17 gold pieces
   762 | D:2      | Reached XP level 4. HP: 31/32 MP: 0/0
   869 | D:2      | Reached skill level 4 in Unarmed Combat
  1031 | D:2      | Found Ixuss's Weapon Shop.
  1168 | D:2      | Reached XP level 5. HP: 37/37 MP: 0/0
  1168 | D:2      | Learned a level 2 spell: Momentum Strike
  1258 | D:2      | Found a faded altar of an unknown god.
  1751 | D:3      | Found Aprus's Antique Armour Shoppe.
  1877 | D:3      | Reached skill level 1 in Armour
  1881 | D:3      | Reached XP level 6. HP: 17/42 MP: 0/0
  2312 | D:4      | Noticed Sigmund
  2342 | D:3      | Reached skill level 5 in Unarmed Combat
  2566 | D:4      | Noticed a black bear
  2699 | D:4      | Found a staircase to the Ecumenical Temple.
  2714 | Temple   | Entered the Ecumenical Temple
  2814 | Temple   | Became a worshipper of Ashenzari the Shackled
  2854 | D:4      | Killed a black bear
  2855 | D:4      | Reached XP level 7. HP: 24/47 MP: 0/0
  2855 | D:4      | Learned a level 3 spell: Frozen Ramparts
  3081 | D:3      | Bought a pair of glowing gloves for 187 gold pieces
  3408 | D:4      | Killed Sigmund
  3409 | D:4      | Reached skill level 6 in Unarmed Combat
  3480 | D:5      | Entered Level 5 of the Dungeon
  3486 | D:5      | Found Liogoi's General Store.
  3783 | D:5      | Reached XP level 8. HP: 44/54 MP: 0/0
  3844 | D:5      | Found a glowing golden altar of the Shining One.
  4151 | D:5      | Reached skill level 7 in Unarmed Combat
  4526 | D:6      | Found a glowing drain.
  4553 | Sewer    | Entered a sewer
  4678 | Sewer    | Reached skill level 1 in Stealth
  5407 | D:6      | Found a burning altar of Makhleb.
  5423 | D:6      | Noticed Blork the orc
  5440 | D:6      | Reached skill level 8 in Unarmed Combat
  5446 | D:6      | Killed Blork the orc
  5447 | D:6      | Reached XP level 9. HP: 54/59 MP: 0/0
  5447 | D:6      | Learned a level 4 spell: Brom's Barrelling Boulder
  5609 | D:6      | Found a transporter.
  5617 | D:6      | Found a white marble altar of Elyvilon.
  5619 | D:6      | Found a transporter.
  5717 | D:6      | Mangled by an ice beast

Illustrated notes

Levels and vault maps discovered:
D:1:      shiori_arrival_whats_in_store_for_you, layout_basic, serial_shops,
          nicolae_shop_real_fake_doors, dreamdust_mushroom_princess
D:2:      layout_loops_ring, hellmonk_ecumenical_altar_crossroads, serial_shops,
          shop, lexackson_kobold_supper
D:3:      layout_basic, serial_shops, shop, kennysheep_cross_room,
          bh_walls_and_bars
D:4:      layout_rooms, temple_statues, serial_bayou, serial_bayou_pond_e,
          serial_bayou_pond_a, serial_bayou_shore_b, serial_bayou_pond_d,
          minmay_misc_feat_hallway, uniq_sigmund
D:5:      layout_loops_ring, mainiacjoe_overflow_chevrons, serial_shops, shop
D:6:      kennysheep_housing_project, layout_basic, elyvilon_altar_4,
          mainiacjoe_overflow_24_doors, mainiacjoe_overflow_catwalk,
          mainiacjoe_overflow_alcove_1, cheibrodos_sewer_entry_sluice,
          uniq_blork_the_orc
Temple:   bh_familiar_temple

Skill      XL: |  1  2  3  4  5  6  7  8 |
---------------+-------------------------+-----
Shapeshifting  | 3 4 |  4.5
Unarmed Combat | 4 5 6 8 |  8.3
Armour         | 1 2 3 |  3.0
Dodging        | 3 4 |  4.6
Fighting       | 2 |  2.3
Stealth        | 1 |  1.0

Action                     |  1- 3 |  4- 6 |  7- 9 || total
---------------------------+-------+-------+-------++-------
  Melee: Unarmed           |    92 |   141 |   231 ||   464
         Punch             |     1 |     5 |    13 ||    19
  Throw: Dart              |       |     7 |    19 ||    26
         Boomerang         |       |       |     6 ||     6
    Use: Potion            |       |     1 |       ||     1
         Scroll            |       |     3 |     1 ||     4
 Armour: Animal skin       |    47 |       |       ||    47
         Ring mail         |       |    85 |   135 ||   220
         Skin              |       |    11 |       ||    11
  Dodge: Dodged            |    63 |    68 |   152 ||   283

Table legend: (Time is in decaauts)
 A = Elapsed time spent in this place.
 B = Non-inter-level travel time spent in this place.
 C = Inter-level travel time spent in this place.
 D = Time resting spent in this place.
 E = Time spent auto-exploring this place.
 F = Levels seen in this place.
 G = Mean time per level.
                   A        B        C        D        E       F      G
               +--------+--------+--------+--------+--------+-----+--------+
         Total |   5675 |   5275 |    400 |    602 |   3140 |   8 |  709.4 |
       Dungeon |   4811 |   4415 |    396 |    369 |   2927 |   6 |  801.8 |
        Temple |    105 |    101 |      4 |      0 |      0 |   1 |  105.0 |
         Sewer |    758 |    758 |      0 |    233 |    213 |   1 |  758.0 |
               +--------+--------+--------+--------+--------+-----+--------+

Top non-repeatable levels by time:
     D:3: 1093 daAuts
     D:5: 1033 daAuts
     D:2: 803 daAuts
   Sewer: 758 daAuts
     D:4: 749 daAuts
     D:1: 715 daAuts
     D:6: 417 daAuts
  Temple: 105 daAuts
